 Dungeon Crawl Stone Soup version 0.25-a0-277-g7046ed1b37 (webtiles) character file.

Game seed: 1558482254746636552, levelgen mode: deterministic

50 MoonlitKnight the Changer (level 3, 0/31 HPs)
             Began as a Naga Transmuter on Dec 9, 2019.
             Slain by a white imp (2 damage)
             ... summoned by Natasha
             ... on level 2 of the Dungeon.
             The game lasted 00:03:11 (1455 turns).

MoonlitKnight the Changer (Naga Transmuter)         Turns: 1455, Time: 00:03:11

Health: 0/31       AC:  2    Str: 12    XL:     3   Next: 79%
Magic:  4/6        EV: 10    Int: 13    God:
Gold:   116        SH:  0    Dex: 12    Spells: 3/6 levels left

rFire    . . .     SeeInvis +     - Unarmed
rCold    . . .     Gourm    .   (no shield)
rNeg     . . .     Faith    .   b - +0 robe
rPois    +         Spirit   .   (no helmet)
rElec    .         Reflect  .   (no cloak)
rCorr    .         Harm     .   (no gloves)
MR       .....                  (no barding)
Stlth    +.........             (no amulet)
HPRegen  0.10/turn              (no ring)
MPRegen  0.10/turn              (no ring)

@: appendage, very slow
A: large, horns 2, see invisible, deformed body, poison resistance, slowness 2,
slow metabolism 1, spit poison 1, AC +1
a: Spit Poison, End Transformation


You were on level 2 of the Dungeon.
You were not hungry.
You had grown temporary horns.
You visited 1 branch of the dungeon, and saw 2 of its levels.

You collected 116 gold pieces.

Inventory:

Missiles
 a - 58 arrows
 l - 11 poisoned darts (quivered)
Armour
 b - a +0 robe (worn)
Scrolls
 c - a scroll of amnesia {unknown}
 e - a scroll of fear {unknown}
 g - a scroll of remove curse {unknown}
 h - 3 scrolls of identify {unknown}
 i - a scroll of enchant weapon {unknown}
 j - a scroll of magic mapping {unknown}
Potions
 f - a potion of lignification {unknown}
 k - a potion of flight {unknown}
Comestibles
 d - 3 rations


   Skills:
 - Level 1.0 Fighting
 - Level 1.5 Dodging
 - Level 3.0 Unarmed Combat
 - Level 2.0 Spellcasting
 + Level 4.0 Transmutations


You had 3 spell levels left.
You knew the following spells:

 Your Spells              Type           Power        Failure   Level  Hunger
a - Beastly Appendage     Tmut           ##....       4%          1    ##.....
b - Sticks to Snakes      Tmut           ##......     8%          2    ###....

Your spell library contained the following spells:

 Spells                   Type           Power        Failure   Level  Hunger
 Spider Form              Tmut/Pois      #.........   32%         3    ####...
 Ice Form                 Ice/Tmut       #.......     73%         4    #####..
 Blade Hands              Tmut           ##........   80%         5    ######.


Dungeon Overview and Level Annotations

Branches:
Dungeon (2/15)

Altars:

Annotations:
D:2 Natasha


Innate Abilities, Weirdness & Mutations

You cannot wear boots.
Your serpentine skin is tough. (AC +1)
You have supernaturally acute eyesight. (SInv)
Armour fits poorly on your strangely shaped body.
Your system is resistant to poisons. (rPois)
You cover ground very slowly.
You have a slow metabolism.
You can spit poison.
You have a pair of horns on your head.


Message History

The white imp hits you. The white imp freezes you.
You hit the white imp. Your headbutt misses the white imp.
The white imp is heavily wounded.
Natasha claws you.
You closely miss the white imp.
The white imp is heavily wounded.
The white imp hits you. The white imp freezes you.
* * * LOW HITPOINT WARNING * * *
Natasha closely misses you.
You hit the white imp but do no damage.
The white imp is heavily wounded.
The white imp hits you.
* * * LOW HITPOINT WARNING * * *
The white imp freezes you.
* * * LOW HITPOINT WARNING * * *
Natasha barely misses you.
You barely miss the white imp.
The white imp is heavily wounded.
The white imp hits you.
You die...

... .##.... .. ..#.#....#
.. ......... #. #.
#........ #.. #. #<# #...#.
#.# #####.#...#. #.#
#.(......<.h###.#
#.####.#...5@.#.####.##
##(####.#.#.............
####....##.#.#.##.#.#######
#....(................#
#.......##.#.#.#..#.#.#
#.##(......#......#.#.####
#.##.#..#................##
#.##.#..#.####.#.#.##.....#
#.....<.#.##.....#.##.###.#


You could see Natasha and a white imp.

Vanquished Creatures
  Natasha (D:2)
  A dart slug (D:1)
  A leopard gecko (D:1)
  4 bats (D:1)
  5 giant cockroaches (D:1)
  4 goblins
  2 hobgoblins (D:1)
  A kobold (D:2)
  3 frilled lizards (D:1)
22 creatures vanquished.

Notes
Turn   | Place    | Note
-------+----------+-------------------------------------------
     0 | D:1      | MoonlitKnight the Naga Transmuter began the quest for the
                  | Orb.
     0 | D:1      | Reached XP level 1. HP: 18/18 MP: 3/3
   222 | D:1      | Reached XP level 2. HP: 21/25 MP: 3/5
   226 | D:1      | Learned a level 2 spell: Sticks to Snakes
   644 | D:1      | Reached skill level 3 in Transmutations
  1011 | D:1      | Reached XP level 3. HP: 22/31 MP: 6/6
  1405 | D:2      | Noticed Natasha
  1412 | D:2      | Killed Natasha
  1412 | D:2      | Reached skill level 4 in Transmutations
  1444 | D:2      | Noticed Natasha
  1455 | D:2      | Slain by a white imp

Levels and vault maps discovered:
D:1:      roderic_dead_forest, layout_basic,
          wander_ebering_terrifying_dragon_lair
D:2:      layout_loops_cross, chequers_ecumenical_altar_simple_redux,
          kennysheep_generic_room_10, uniq_natasha

Skill      XL: |  1  2  3 |
---------------+----------+-----
Transmutations | 3 4 |  4.0
Fighting       | |  1.0
Dodging        | |  1.5
Unarmed Combat | |  3.0
Spellcasting   | |  2.0

Action                   || total
-------------------------++-------
Melee: Unarmed           ||    89
       Headbutt          ||     8
 Cast: Beastly Appendage ||    13
       Sticks to Snakes  ||     2
 Stab: Sleeping          ||     1
  Eat: Chunk             ||     1
Armor: Robe              ||    18
Dodge: Dodged            ||    67

Table legend:
 A = Non-vault XP
 B = Vault XP
 C = Vault XP percentage of total XP
 D = Non-vault monster count
 E = Vault monster count
 F = Vault count percentage of total count
                 A         B        C        D         E       F
            +---------+---------+-------+---------+---------+-------
      Total |      40 |      32 |  44.4 |      20 |       2 |   9.1
            +---------+---------+-------+---------+---------+-------
        D:1 |      34 |       1 |   2.9 |      17 |       1 |   5.6
        D:2 |       6 |      31 |  83.8 |       3 |       1 |  25.0
            +---------+---------+-------+---------+---------+-------
